 Dungeon Crawl Stone Soup version 0.24.0-123-gd5b16e6ec5 (webtiles) character file.

Game seed: 11008541883598359010, levelgen mode: deterministic

10047 Curus the Cleaver (level 11, -11/94 HPs)
             Began as a Pale Draconian Berserker on Feb 4, 2020.
             Was a High Priest of Trog.
             Mangled by a torpor snail (24 damage)
             ... on level 1 of the Lair of Beasts.
             The game lasted 00:26:14 (9478 turns).

Curus the Cleaver (Pale Draconian Berserker)        Turns: 9478, Time: 00:26:15

Health: -11/94     AC: 14    Str: 20    XL:     11   Next: 31%
Magic:  14/14      EV: 15    Int:  8    God:    Trog [*****.]
Gold:   265        SH:  0    Dex: 13    Spells: 10/10 levels left

rFire    . . .     SeeInvis +   o - +0 war axe
rCold    . . .     Gourm    .   (no shield)
rNeg     + . .     Faith    .   (armour unavailable)
rPois    .         Spirit   .   n - +2 hat {SInv}
rElec    .         Reflect  .   c - +2 cloak
rCorr    .         Harm     .   e - +1 pair of gloves
MR       ++...                  (no boots)
Stlth    +.........             (no amulet)
HPRegen  1.25/turn              j - ring of positive energy
MPRegen  0.14/turn              (no ring)

@: sleeping, regenerating, slowed
A: breathe steam, unfitting armour, cold-blooded, AC +7
a: Breathe Steam, Berserk, Trog's Hand, Brothers in Arms, Renounce Religion


You were on level 1 of the Lair of Beasts.
You worshipped Trog.
Trog was extremely pleased with you.
You were hungry.

You visited 2 branches of the dungeon, and saw 10 of its levels.

You collected 265 gold pieces.

Inventory:

Hand Weapons
 a - a +4 hand axe
 o - a +0 war axe (weapon)
Armour
 c - a +2 cloak (worn)
 e - a +1 pair of gloves (worn)
 n - a +2 hat of see invisible (worn)
Jewellery
 j - a ring of positive energy (left hand)
Wands
 g - a wand of disintegration (32)
 k - a wand of iceblast (12)
 m - a wand of scattershot (2)
 q - a wand of digging (7)
Scrolls
 d - 10 scrolls of identify
 f - 4 scrolls of teleportation
 l - 2 scrolls of remove curse
Potions
 h - 3 potions of curing
 i - a potion of heal wounds
 r - a potion of haste
 s - a potion of flight
 t - a potion of might
Comestibles
 b - 18 rations
 p - 3 chunks of flesh


   Skills:
 - Level 8.0 Fighting
 + Level 14.4 Axes
 - Level 6.6 Dodging
 + Level 4.0 Evocations


You had 10 spell levels left.
You didn't know any spells.
Your spell library was empty.

Dungeon Overview and Level Annotations

Branches:
Dungeon (9/15)             Temple (0/1) D:7            Lair (1/6) D:9
    Orc: D:9-12

Altars:
Hepliaklqana
Makhleb
Nemelex Xobeh
Okawaru
Qazlal
Xom
Yredelemnul
Zin


Innate Abilities, Weirdness & Mutations

You can breathe blasts of scalding, opaque steam.
Your pale cyan-grey scales are hard. (AC +7)
You cannot fit into any form of body armour.
You are cold-blooded and may be slowed by cold attacks.


Message History

You hit the torpor snail but do no damage.
The torpor snail bites you!
The dream sheep bites you but does no damage.
You hit the dream sheep but do no damage.
The dream sheep is almost dead.
You hit the torpor snail. The dream sheep closely misses you.
The torpor snail misses you.
You hit the dream sheep.
Your tail-slap misses the dream sheep.
The dream sheep is almost dead.
You hit the torpor snail.
The dream sheep ruffle their wool and motes of dream dust sparkle, to no effect.
The torpor snail bites you!!
* * * LOW HITPOINT WARNING * * *
Your skin crawls.
You feel resistant to hostile enchantments.
You are feeling hungry.
The dream sheep shake their wool and sparkle.
You feel drowsy...
You fall asleep.
The torpor snail bites you!!
You die...

...........
.....####.#... ##
#...###. P...# .#
......... .... .#
#..######.##..# .#
##.# ....# .# .#
#..# .## ..
#..####.%##.#. ..# #
#....@wY...... #.#
#.###..######.###
#.....## ####..#
#..###.#..## ##
#..........##.#
#.#####........ #.P
#...#.##..
#####..####........(


You could see a torpor snail and a dream sheep.

Vanquished Creatures
  Gastronok (D:8)
  Psyche (D:8)
  A rime drake (Lair:1)
  An efreet (D:9)
  4 hippogriffs
  2 hungry ghosts
  Eustachio (D:5)
  10 yaks
  A human (D:7)
  3 hogs (D:7)
  Grum (D:8)
  2 water moccasins
  7 porcupines
  2 ice beasts
  An orc warrior (D:8)
  2 sky beasts
  A phantom (D:6)
  3 wolves (D:8)
  4 ogres
  3 crocodiles
  2 centaurs
  6 bullfrogs
  5 scorpions
  4 killer bees (D:8)
  5 wights (D:8)
  A howler monkey (D:8)
  2 centaur zombies
  2 crimson imps
  3 orc priests
  3 hounds
  A jelly (D:5)
  6 orc wizards
  A bullfrog skeleton (D:4)
  A gnoll shaman (D:4)
  An iguana (D:8)
  Terence (D:2)
  Ijyb (D:5)
  4 worker ants
  Robin (D:4)
  11 adders
  4 gnolls (D:4)
  A shadow imp (D:6)
  2 oozes
  An adder zombie (D:9)
  2 worms
  A dart slug (D:3)
  3 leopard geckos
  26 orcs
  A ball python (D:2)
  5 giant cockroaches
  14 goblins
  15 hobgoblins
  13 jackals
  3 quokkas
  9 bats
  7 frilled lizards
  2 gnoll zombies (D:2)
  4 kobolds
  A quokka zombie (D:5)
  6 rats
232 creatures vanquished.

Notes
Turn   | Place    | Note
-------+----------+-------------------------------------------
     0 | D:1      | Curus the Draconian Berserker began the quest for the Orb.
     0 | D:1      | Reached XP level 1. HP: 19/19 MP: 1/1
    57 | D:1      | Reached XP level 2. HP: 15/26 MP: 2/2
   293 | D:1      | Reached skill level 4 in Axes
   360 | D:1      | Reached ** piety under Trog
   542 | D:2      | Reached XP level 3. HP: 31/31 MP: 3/3
   831 | D:2      | Reached XP level 4. HP: 28/38 MP: 4/4
   861 | D:2      | Reached skill level 5 in Axes
  1052 | D:2      | Noticed Terence
  1060 | D:2      | Killed Terence
  1451 | D:2      | Found a basalt altar of Yredelemnul.
  1819 | D:3      | Reached XP level 5. HP: 45/45 MP: 5/5
  2064 | D:3      | Reached skill level 6 in Axes
  2351 | D:4      | Noticed Robin
  2365 | D:4      | Killed Robin
  2365 | D:4      | Reached *** piety under Trog
  2365 | D:4      | Reached XP level 6. HP: 36/51 MP: 6/6
  2371 | D:4      | Reached skill level 7 in Axes
  3406 | D:5      | Entered Level 5 of the Dungeon
  3434 | D:5      | Reached skill level 8 in Axes
  3434 | D:5      | Your scales start taking on a pale cyan-grey colour.
  3434 | D:5      | Reached XP level 7. HP: 57/57 MP: 7/7
  3689 | D:5      | Noticed a hippogriff
  3697 | D:5      | Killed a hippogriff
  3697 | D:5      | Reached skill level 9 in Axes
  3929 | D:5      | Reached XP level 8. HP: 11/63 MP: 8/8
  4044 | D:5      | Noticed Ijyb
  4051 | D:5      | Killed Ijyb
  4140 | D:5      | Reached skill level 10 in Axes
  4176 | D:5      | Found a stormy altar of Qazlal.
  4178 | D:5      | Found a burning altar of Makhleb.
  4209 | D:5      | Noticed Eustachio
  4224 | D:5      | Killed Eustachio
  4600 | D:6      | Reached **** piety under Trog
  4652 | D:6      | Reached skill level 11 in Axes
  5161 | D:5      | Found a shimmering altar of Xom.
  5161 | D:5      | Found an iron altar of Okawaru.
  5331 | D:6      | Reached XP level 9. HP: 45/70 MP: 9/9
  5487 | D:6      | Reached skill level 12 in Axes
  5590 | D:7      | Found a hazy altar of Hepliaklqana.
  5691 | D:7      | Found a staircase to the Ecumenical Temple.
  6366 | D:7      | Reached skill level 13 in Axes
  6876 | D:8      | Noticed Grum
  6886 | D:8      | Reached skill level 14 in Axes
  6900 | D:8      | Killed Grum
  6900 | D:8      | Reached XP level 10. HP: 35/78 MP: 10/10
  7192 | D:8      | Found a sparkling altar of Nemelex Xobeh.
  7463 | D:8      | Noticed Gastronok
  7477 | D:8      | Killed Gastronok
  7477 | D:8      | Reached skill level 5 in Dodging
  7844 | D:8      | Found a glowing silver altar of Zin.
  8049 | D:8      | Noticed Psyche
  8060 | D:8      | Killed Psyche
  8641 | D:9      | Reached XP level 11. HP: 80/94 MP: 11/11
  8724 | D:9      | Found a staircase to the Lair.
  8746 | Lair:1   | Entered Level 1 of the Lair of Beasts
  8764 | Lair:1   | Reached skill level 1 in Evocations
  8837 | Lair:1   | Reached ***** piety under Trog
  9478 | Lair:1   | Mangled by a torpor snail

Levels and vault maps discovered:
D:1:      dpeg_arrival_tiny_b, layout_basic
D:2:      layout_basic, lemuel_zombie_altar_yredelemnul,
          grunt_decor_mini_mirrors, uniq_terence
D:3:      layout_rooms
D:4:      layout_basic, due_unseen_surprise, uniq_robin
D:5:      layout_loops_ring, nicolae_overflow_hidden_temple, first_ration,
          nicolae_ossuary_entry_plus, grunt_ministairs_12, uniq_ijyb,
          uniq_eustachio
D:6:      layout_basic, minmay_diced_spiral
D:7:      layout_loops_corners, kennysheep_little_box, minmay_temple_entry_grid,
          grunt_livestock
D:8:      layout_loops_corners, lemuel_doored_altar, overflow_temple_1_default,
          lemuel_statue_altar, uniq_gastronok, uniq_psyche, uniq_grum
D:9:      layout_long_grid, minmay_lair_entry_grove, orc_0_dummy,
          kennysheep_doodads, minmay_orc_keep
Lair:1:   layout_loops_ring, roderic_batcave

Skill      XL: |  1  2  3  4  5  6  7  8  9 10 11 |
---------------+----------------------------------+-----
Axes           | 4 5 6 8 9 11 14 | 14.4
Dodging        | 3 6 |  6.6
Fighting       | 7 8 |  8.0
Evocations     | 4 |  4.0

Action                   |  1- 3 |  4- 6 |  7- 9 | 10-12 || total
-------------------------+-------+-------+-------+-------++-------
Melee: Hand axe          |   124 |   171 |   305 |     8 ||   608
       Tailslap          |    11 |    25 |    47 |    41 ||   124
       War axe           |       |       |       |   283 ||   283
Invok: Berserk           |       |     3 |     7 |     4 ||    14
       Trog's Hand       |       |       |     1 |     2 ||     3
 Abil: Breathe Steam     |       |       |     4 |     7 ||    11
Evoke: Wand              |       |     1 |     1 |       ||     2
  Use: Scroll            |     3 |     7 |     3 |     5 ||    18
       Potion            |     3 |     3 |     2 |     2 ||    10
 Stab: Sleeping          |       |     1 |     1 |     1 ||     3
  Eat: Chunk             |       |     6 |     9 |    11 ||    26
       Ration            |       |     1 |     3 |     2 ||     6
Armor: Skin              |    41 |    48 |    76 |    74 ||   239
Dodge: Dodged            |    77 |   137 |   134 |   147 ||   495
